 Dungeon Sprint DCSS version 0.22-a0-558-gc224181 (webtiles) character file.

752 George the Carver (level 7, 0/69 HPs)
             Began as a Minotaur Fighter on June 27, 2018.
             Was a Believer of Okawaru.
             Succumbed to a hornet's poison
             ... in the Dungeon (Sprint IX: "|||||||||||||||||||||||||||||").
             The game lasted 00:01:24 (363 turns).

George the Carver (Minotaur Fighter)                 Turns: 363, Time: 00:01:24

Health: 0/69       AC: 12    Str: 23    XL:     7   Next: 49%
Magic:  5/9        EV: 12    Int:  8    God:    Okawaru [**....]
Gold:   0          SH: 11    Dex: 12    Spells: 6/6 levels left

rFire    . . .     SeeInvis .   o - +2 scimitar (flame)
rCold    . . .     Gourm    .   c - +0 shield
rNeg     . . .     Faith    .   q - +1 scale mail
rPois    .         Spirit   .   (helmet restricted)
rElec    .         Reflect  .   a - +0 cloak
rCorr    .         Harm     .   (no gloves)
MR       .....     NoTele   +   p - +0 pair of boots
Stlth    ..........             (no amulet)
HPRegen  0.21/turn              b - +3 ring of intelligence
MPRegen  0.11/turn              r - +3 ring of dexterity

@: lethally poisoned (0 -> -1), very slightly contaminated, invisible
A: retaliatory headbutt, horns 2
a: Heroism, Renounce Religion


You were in the Dungeon.
You worshipped Okawaru.
Okawaru was pleased with you.
You were not hungry.

You visited 1 branch

Inventory:

Hand Weapons
 o - a +2 scimitar of flaming (weapon)
Armour
 a - a +0 cloak (worn)
 c - a +0 shield (worn)
 p - a +0 pair of boots (worn)
 q - a +1 scale mail (worn)
Jewellery
 b - a +3 ring of intelligence (left hand)
 r - a +3 ring of dexterity (right hand)
Wands
 n - a wand of iceblast (10)
Scrolls
 k - 2 scrolls of blinking
 l - 3 scrolls of remove curse
 m - 2 scrolls of amnesia
Potions
 d - a potion of might
 e - 5 potions of curing
 g - 3 potions of heal wounds
 h - a potion of haste
 i - 4 potions of magic
Comestibles
 f - a ration


   Skills:
 + Level 8.7 Fighting
 * Level 11.1 Long Blades
 + Level 8.6 Armour
 + Level 6.8 Dodging
 + Level 8.5 Shields
 + Level 4.6 Invocations


You had 6 spell levels left.
You didn't know any spells.
Your spell library was empty.

Dungeon Overview and Level Annotations

Branches:
Dungeon (1/1)

Altars:
Cheibriados
Dithmenos
Elyvilon
Fedhas
Gozag
Hepliaklqana
Kikubaaqudgha
Makhleb
Nemelex Xobeh
Okawaru
Qazlal
Ru
Sif Muna
Trog
Uskayaw
Vehumet
Wu Jian
Xom
Yredelemnul
Zin
The Shining One
Beogh
Jiyva
Lugonu


Innate Abilities, Weirdness & Mutations

You reflexively headbutt those who attack you in melee.
You have a pair of horns on your head.


Message History

The phantom is lightly damaged.
You feel sick. You block the phantom's attack.
You closely miss the phantom.
The phantom is lightly damaged.
You block the phantom's attack.
You strike the helpless phantom from behind!
You slice the phantom!! You burn the phantom.
The phantom is almost destroyed.
The phantom misses you.
You barely miss the phantom.
The phantom is almost destroyed.
You hit the phantom. You burn the phantom.
The phantom is almost destroyed.
The phantom hits you!
* * * LOW HITPOINT WARNING * * *
You slice the phantom!! You burn the phantom.
You destroy the phantom!
Okawaru accepts your kill.
Your Long Blades skill increases to level 11!
You die... ▓▓▓▓▓▓▓▓▓▓▓▓▓▓▓▓▓▓▓▓▓▓ ____'..|)(([.(((@....+ ▓▓▓▓▓▓▓▓▓▓▓▓▓▓▓▓▓▓▓▓▓▓

There were no monsters in sight!

Vanquished Creatures
  A troll (D)
  A hornet (D)
  An ice beast (D)
  A phantom (D)
  A sky beast (D)
  A centaur (D)
  A bullfrog (D)
  A crimson imp (D)
  An iguana (D)
  An adder (D)
  2 dart slugs (D)
  An orc (D)
  A goblin (D)
  A hobgoblin (D)
  A kobold (D)
16 creatures vanquished.

Notes
Turn   | Place    | Note
-------+----------+-------------------------------------------
     0 | D        | George the Minotaur Fighter began the quest for the Orb.
     0 | D        | Reached XP level 1. HP: 19/19 MP: 0/0
     8 | D        | Reached skill level 3 in Long Blades
     8 | D        | Reached skill level 1 in Dodging
    14 | D        | Reached XP level 2. HP: 21/27 MP: 1/1
    77 | D        | Noticed a sky beast
    77 | D        | Noticed a crimson imp
    85 | D        | Killed a sky beast
    85 | D        | Reached skill level 5 in Fighting
    85 | D        | Reached skill level 6 in Long Blades
    85 | D        | Reached skill level 5 in Armour
    85 | D        | Reached skill level 5 in Shields
    85 | D        | Reached XP level 3. HP: 26/37 MP: 2/2
    85 | D        | Reached XP level 4. HP: 31/44 MP: 3/3
    91 | D        | Reached skill level 7 in Long Blades
   106 | D        | Reached XP level 5. HP: 24/51 MP: 4/4
   264 | D        | Found a roughly hewn altar of Beogh.
   264 | D        | Found a snail-covered altar of Cheibriados.
   264 | D        | Found a shadowy altar of Dithmenos.
   264 | D        | Found a white marble altar of Elyvilon.
   264 | D        | Found a blossoming altar of Fedhas.
   264 | D        | Found an opulent altar of Gozag.
   265 | D        | Found a hazy altar of Hepliaklqana.
   266 | D        | Found a viscous altar of Jiyva.
   267 | D        | Found an ancient bone altar of Kikubaaqudgha.
   268 | D        | Found a corrupted altar of Lugonu.
   269 | D        | Found a burning altar of Makhleb.
   270 | D        | Found a sparkling altar of Nemelex Xobeh.
   271 | D        | Found an iron altar of Okawaru.
   272 | D        | Found a stormy altar of Qazlal.
   273 | D        | Found a sacrificial altar of Ru.
   274 | D        | Found a deep blue altar of Sif Muna.
   275 | D        | Found a bloodstained altar of Trog.
   276 | D        | Found a hide-covered altar of Uskayaw.
   277 | D        | Found a radiant altar of Vehumet.
   278 | D        | Found an ornate altar of the Wu Jian Council.
   281 | D        | Became a worshipper of Warmaster Okawaru
   282 | D        | Found a shimmering altar of Xom.
   283 | D        | Found a basalt altar of Yredelemnul.
   284 | D        | Found a glowing silver altar of Zin.
   285 | D        | Found a glowing golden altar of the Shining One.
   338 | D        | Noticed a hornet
   338 | D        | Noticed an ice beast
   338 | D        | Noticed a centaur
   338 | D        | Noticed a troll
   338 | D        | Noticed a phantom
   344 | D        | Killed a hornet
   344 | D        | Reached * piety under Okawaru
   344 | D        | Reached skill level 9 in Long Blades
   344 | D        | Reached skill level 5 in Dodging
   344 | D        | Reached XP level 6. HP: 32/60 MP: 4/6
   345 | D        | Killed an ice beast
   349 | D        | Reached ** piety under Okawaru
   351 | D        | Reached skill level 10 in Long Blades
   357 | D        | Killed a troll
   357 | D        | Reached XP level 7. HP: 8/69 MP: 5/9
   362 | D        | HP: 1/69 [phantom (7)]
   363 | D        | Reached skill level 11 in Long Blades
   363 | D        | Succumbed to a hornet's poison

Vault maps used:
D:        linesprint

Skill      XL: |  1  2  3  4  5  6  7 |
---------------+----------------------+-----
Fighting       | 4 5 6 7 8 |  8.7
Long Blades    | 3 6 7 9 10 11 | 11.1
Armour         | 4 5 6 7 8 |  8.6
Dodging        | 1 3 4 5 6 |  6.8
Shields        | 4 5 6 7 8 |  8.5
Invocations    | 2 4 |  4.6

Action                   |  1- 3 |  4- 6 |  7- 9 || total
-------------------------+-------+-------+-------++-------
Melee: Long sword        |    15 |    16 |       ||    31
       Headbutt          |     4 |     4 |       ||     8
       Scimitar          |       |    15 |     6 ||    21
  Use: Potion            |     1 |     1 |       ||     2
 Stab: Invisible         |       |     2 |     2 ||     4
Armor: Scale mail        |     4 |     7 |       ||    11
Dodge: Dodged            |     4 |    17 |     1 ||    22
Block: Shield            |     5 |    25 |     2 ||    32
       Rpst.: Long sword |     2 |     1 |       ||     3
       Scimitar          |       |     4 |       ||     4

Table legend:
 A = Spawn XP
 B = Non-spawn XP
 C = Spawn XP percentage of total XP
 D = Spawn monster count
 E = Non-spawn monster count
 F = Spawn count percentage of total count
 G = Total turns spent on level
                    A         B        C        D         E        F      G
               +---------+---------+-------+---------+---------+-------+---------
         Total |       0 |    1075 |   0.0 |       0 |      16 |   0.0 |   363
               +---------+---------+-------+---------+---------+-------+---------
             D |       0 |    1075 |   0.0 |       0 |      16 |   0.0 |   363
               +---------+---------+-------+---------+---------+-------+---------
